TOP OF THE 1ST |
Casper Ghosts batting - Pitching for Marquette Miners : LHP Gerald Bolton
|
Pitching: LHP Gerald Bolton
|
|
Batting: RHB Steve Weber
|
0-0: Foul Ball, location: 2F 0-1: Ball 1-1: Swinging Strike 1-2: Foul Ball, location: 2F 1-2: Foul Ball, location: 2F 1-2: Ball 2-2: Ball 3-2: Foul Ball, location: 2F 3-2: Foul Ball, location: 2F 3-2: Base on Balls
|
Batting: SHB Paco Ríos
|
0-0: Grounds into double play, 1-6-3 (Groundball, 13)
|
Batting: RHB Derek Bangert
|
0-0: Ball 1-0: Ball 2-0: Ball 3-0: Ground out 5-3 (Groundball, 56)
|
Top of the 1st over - 0 runs, 0 hits, 0 errors, 0 left on base; Casper 0 - Marquette 0 |
BOTTOM OF THE 1ST |
Marquette Miners batting - Pitching for Casper Ghosts : RHP Jason Millward
|
Pitching: RHP Jason Millward
|
|
Batting: LHB Francisco Alfaro
|
0-0: Foul Ball, location: 2F 0-1: Ball 1-1: TRIPLE (Flyball, 8LXD)
|
Batting: RHB Juan Tellado
|
0-0: Foul Ball, location: 2F 0-1: Ball 1-1: Swinging Strike 1-2: Ball 2-2: TRIPLE (Line Drive, 9D) Francisco Alfaro scores
|
Batting: RHB Edgar Balerio
|
0-0: Ball 1-0: Called Strike 1-1: Ground out U3 (Groundball, 3)
|
Batting: LHB Shelby Noonan
|
0-0: Called Strike 0-1: Swinging Strike 0-2: Fly out, F8 (Flyball, 8RXD) Runner from 3rd tags up, SCORES, no throw
|
Batting: RHB Manuel Rosales
|
0-0: Ball 1-0: Foul Ball, location: 2F 1-1: SINGLE (Groundball, 6MD)
|
Batting: LHB Greg Gross
|
0-0: Called Strike 0-1: Ball Manuel Rosales steals 2nd base 1-1: Ball 2-1: Ball 3-1: Ground out 5-3 (Groundball, 56)
|
Bottom of the 1st over - 2 runs, 3 hits, 0 errors, 1 left on base; Casper 0 - Marquette 2 |
TOP OF THE 2ND |
Casper Ghosts batting - Pitching for Marquette Miners : LHP Gerald Bolton
|
Batting: RHB Jorge Díaz
|
0-0: Ball 1-0: Ball 2-0: Foul Ball, location: 2F 2-1: Ball 3-1: SOLO HOME RUN (Flyball, 9LD), Distance : 371 ft
|
Batting: RHB José Córdova
|
0-0: Ball 1-0: Foul Ball, location: 2F 1-1: Fly out, F8 (Flyball, 89M)
|
Batting: RHB Bert Cook
|
0-0: Called Strike 0-1: Ball 1-1: Called Strike 1-2: Foul Ball, location: 2F 1-2: Ball 2-2: SINGLE (Line Drive, 56D)
|
Batting: RHB Roberto De La Cruz
|
0-0: Ball 1-0: Foul Ball, location: 2F 1-1: Grounds into double play, 4-6-3 (Groundball, 4)
|
Top of the 2nd over - 1 run, 2 hits, 0 errors, 0 left on base; Casper 1 - Marquette 2 |
BOTTOM OF THE 2ND |
Marquette Miners batting - Pitching for Casper Ghosts : RHP Jason Millward
|
Batting: LHB Dong-hwan Yun
|
0-0: SINGLE (Flyball, 8LS)
|
Batting: RHB Sameen Shaw
|
0-0: Ball 1-0: Fly out, F9 (Line Drive, 9LM)
|
Batting: RHB Ryan French
|
0-0: Called Strike 0-1: SINGLE (Flyball, 9S) Dong-hwan Yun to second Runner from 2nd tries for 3rd, SAFE, throw made to third
|
Batting: LHB Francisco Alfaro
|
0-0: Ball 1-0: Called Strike 1-1: Ball 2-1: Foul Ball, location: 2F 2-2: Ground out 4-3 (Groundball, 34) Dong-hwan Yun scores Ryan French to second
|
Batting: RHB Juan Tellado
|
0-0: Swinging Strike 0-1: Ball 1-1: Ball 2-1: Ball 3-1: Swinging Strike 3-2: Fly out, F7 (Flyball, 7)
|
Bottom of the 2nd over - 1 run, 2 hits, 0 errors, 1 left on base; Casper 1 - Marquette 3 |
TOP OF THE 3RD |
Casper Ghosts batting - Pitching for Marquette Miners : LHP Gerald Bolton
|
Batting: LHB Jorge Morín
|
0-0: Ball 1-0: Foul Ball, location: 2F 1-1: Swinging Strike 1-2: Ball 2-2: Ball 3-2: Strikes out swinging
|
Batting: LHB Ronald Anderson
|
0-0: Ball 1-0: Ball 2-0: Called Strike 2-1: Foul Ball, location: 2F 2-2: Ball 3-2: Strikes out swinging, 2-3 out at first.
|
Batting: RHB Steve Weber
|
0-0: Fly out, F9 (Flyball, 89D)
|
Top of the 3rd over - 0 runs, 0 hits, 0 errors, 0 left on base; Casper 1 - Marquette 3 |
BOTTOM OF THE 3RD |
Marquette Miners batting - Pitching for Casper Ghosts : RHP Jason Millward
|
Batting: RHB Edgar Balerio
|
0-0: Ball 1-0: Ball 2-0: Called Strike 2-1: SINGLE (Line Drive, 7LM)
|
Batting: LHB Shelby Noonan
|
0-0: Called Strike 0-1: Ball 1-1: Ball 2-1: Swinging Strike 2-2: Foul Ball, location: 2F 2-2: Foul Ball, location: 2F 2-2: Strikes out swinging
|
Batting: RHB Manuel Rosales
|
0-0: Ball 1-0: Called Strike 1-1: Ball 2-1: Foul Ball, location: 2F 2-2: Fly out, F9 (Line Drive, 9D)
|
Batting: LHB Greg Gross
|
0-0: Fielders Choice at 2nd, 6-4 (Groundball, 6)
|
Bottom of the 3rd over - 0 runs, 1 hit, 0 errors, 1 left on base; Casper 1 - Marquette 3 |
TOP OF THE 4TH |
Casper Ghosts batting - Pitching for Marquette Miners : LHP Gerald Bolton
|
Batting: SHB Paco Ríos
|
0-0: Swinging Strike 0-1: Ball 1-1: Called Strike 1-2: Ground out 5-3 (Groundball, 56)
|
Batting: RHB Derek Bangert
|
0-0: Ball 1-0: Swinging Strike 1-1: Ball 2-1: Fly out, F3 (Line Drive, 3S)
|
Batting: RHB Jorge Díaz
|
0-0: Swinging Strike 0-1: Ball 1-1: Ground out 4-3 (Groundball, 4)
|
Top of the 4th over - 0 runs, 0 hits, 0 errors, 0 left on base; Casper 1 - Marquette 3 |
BOTTOM OF THE 4TH |
Marquette Miners batting - Pitching for Casper Ghosts : RHP Jason Millward
|
Batting: LHB Dong-hwan Yun
|
0-0: Called Strike 0-1: Called Strike 0-2: Ball 1-2: Strikes out swinging
|
Batting: RHB Sameen Shaw
|
0-0: Called Strike 0-1: Ball 1-1: Foul Ball, location: 2F 1-2: Foul Ball, location: 2F 1-2: Strikes out looking
|
Batting: RHB Ryan French
|
0-0: Ball 1-0: Ball 2-0: Called Strike 2-1: Fly out, F3 (Popup, 3SF)
|
Bottom of the 4th over - 0 runs, 0 hits, 0 errors, 0 left on base; Casper 1 - Marquette 3 |
TOP OF THE 5TH |
Casper Ghosts batting - Pitching for Marquette Miners : LHP Gerald Bolton
|
Batting: RHB José Córdova
|
0-0: Ball 1-0: Ball 2-0: Ball 3-0: Called Strike 3-1: Foul Ball, location: 2F 3-2: Fly out, F7 (Flyball, 78D)
|
Batting: RHB Bert Cook
|
0-0: Called Strike 0-1: Ball 1-1: Ball 2-1: Called Strike 2-2: Ball 3-2: Base on Balls
|
Batting: RHB Roberto De La Cruz
|
0-0: Ball 1-0: Ball 2-0: Ball 3-0: Fly out, F7 (Flyball, 7)
|
Batting: LHB Jorge Morín
|
0-0: Ball 1-0: Fly out, F7 (Flyball, 7)
|
Top of the 5th over - 0 runs, 0 hits, 0 errors, 1 left on base; Casper 1 - Marquette 3 |
BOTTOM OF THE 5TH |
Marquette Miners batting - Pitching for Casper Ghosts : RHP Jason Millward
|
Batting: LHB Francisco Alfaro
|
0-0: Ball 1-0: Ground out 3-1 (Groundball, 34)
|
Batting: RHB Juan Tellado
|
0-0: Ball 1-0: Called Strike 1-1: Foul Ball, location: 2F 1-2: Ground out 1-3 (Groundball, P)
|
Batting: RHB Edgar Balerio
|
0-0: Ball 1-0: Swinging Strike 1-1: Ground out 5-3 (Groundball, 56)
|
Bottom of the 5th over - 0 runs, 0 hits, 0 errors, 0 left on base; Casper 1 - Marquette 3 |
TOP OF THE 6TH |
Casper Ghosts batting - Pitching for Marquette Miners : LHP Gerald Bolton
|
Batting: LHB Ronald Anderson
|
0-0: Called Strike 0-1: Hit by Pitch
|
Batting: RHB Steve Weber
|
0-0: Sac Bunt - play at first, batter OUT! 3-4 Ronald Anderson to second
|
Batting: SHB Paco Ríos
|
0-0: Ball 1-0: Ball 2-0: SINGLE (Groundball, 56D) Ronald Anderson to third Runner from 3rd tries for Home, SAFE, throw made home
|
Batting: RHB Derek Bangert
|
0-0: Called Strike Throwing error on steal attempt, E2 Paco Ríos to third 0-1: Called Strike 0-2: Ball 1-2: Ball 2-2: Ball 3-2: Strikes out swinging
|
Batting: RHB Jorge Díaz
|
0-0: Ball 1-0: Foul Ball, location: 2F 1-1: Foul Ball, location: 2F 1-2: Foul Ball, location: 2F 1-2: Ball 2-2: Ball 3-2: Base on Balls
|
Batting: RHB José Córdova
|
0-0: Ball 1-0: DOUBLE (Line Drive, 8RXD) Paco Ríos scores Jorge Díaz to third Runner from 3rd tries for Home, SAFE, no throw
|
Batting: RHB Bert Cook
|
0-0: Called Strike 0-1: Called Strike 0-2: Fly out, F7 (Flyball, 7S)
|
Top of the 6th over - 3 runs, 2 hits, 1 error, 1 left on base; Casper 4 - Marquette 3 |
BOTTOM OF THE 6TH |
Marquette Miners batting - Pitching for Casper Ghosts : RHP Jason Millward
|
Batting: LHB Shelby Noonan
|
0-0: Swinging Strike 0-1: Ball 1-1: Ball 2-1: Fly out, F7 (Line Drive, 7)
|
Batting: RHB Manuel Rosales
|
0-0: Called Strike 0-1: Swinging Strike 0-2: Ball 1-2: Foul Ball, location: 2F 1-2: Strikes out swinging
|
Batting: LHB Greg Gross
|
0-0: Called Strike 0-1: Called Strike 0-2: Ball 1-2: Foul Ball, location: 2F 1-2: Foul Ball, location: 2F 1-2: Foul Ball, location: 2F 1-2: Foul Ball, location: 2F 1-2: Ball 2-2: Fly out, F5 (Popup, 56S)
|
Bottom of the 6th over - 0 runs, 0 hits, 0 errors, 0 left on base; Casper 4 - Marquette 3 |
TOP OF THE 7TH |
Casper Ghosts batting - Pitching for Marquette Miners : LHP Gerald Bolton
|
Batting: RHB Roberto De La Cruz
|
0-0: Ball 1-0: Called Strike 1-1: Swinging Strike 1-2: Ball 2-2: Foul Ball, location: 2F 2-2: Foul Ball, location: 2F 2-2: Ball 3-2: Foul Ball, location: 2F 3-2: Strikes out swinging
|
Batting: LHB Jorge Morín
|
0-0: Ball 1-0: Foul Ball, location: 2F 1-1: Ball 2-1: Foul Ball, location: 2F 2-2: Strikes out looking
|
Batting: LHB Ronald Anderson
|
0-0: Swinging Strike 0-1: Foul Ball, location: 2F 0-2: Foul Ball, location: 2F 0-2: Ball 1-2: Strikes out swinging
|
Top of the 7th over - 0 runs, 0 hits, 0 errors, 0 left on base; Casper 4 - Marquette 3 |
BOTTOM OF THE 7TH |
Marquette Miners batting - Pitching for Casper Ghosts : RHP Jason Millward
|
Batting: LHB Dong-hwan Yun
|
0-0: Ball 1-0: Foul Ball, location: 2F 1-1: Called Strike 1-2: Foul Ball, location: 2F 1-2: Ground out 6-3 (Groundball, 6M)
|
Batting: RHB Sameen Shaw
|
0-0: Called Strike 0-1: Ball 1-1: SINGLE (Flyball, 9S)
|
Batting: RHB Ryan French
|
0-0: Ball 1-0: Called Strike 1-1: Fly out, F7 (Flyball, 7LS)
|
Batting: LHB Francisco Alfaro
|
0-0: Foul Ball, location: 2F 0-1: Ball 1-1: Ball 2-1: Foul Ball, location: 2F 2-2: SINGLE (Flyball, 9LS) Sameen Shaw to second Runner from 2nd tries for 3rd, SAFE, no throw
|
Batting: RHB Juan Tellado
|
0-0: Ball 1-0: SINGLE (Line Drive, 6MD) Sameen Shaw scores Francisco Alfaro to second
|
Batting: RHB Edgar Balerio
|
0-0: Foul Ball, location: 2F 0-1: SINGLE (Line Drive, 6MD) Francisco Alfaro to third Juan Tellado to second Runner from 3rd tries for Home, SAFE, no throw
|
Batting: LHB Shelby Noonan
|
0-0: Fly out, F8 (Flyball, 8RM)
|
Bottom of the 7th over - 2 runs, 4 hits, 0 errors, 2 left on base; Casper 4 - Marquette 5 |
TOP OF THE 8TH |
Casper Ghosts batting - Pitching for Marquette Miners : LHP Gerald Bolton
|
Pitching: LHP Chiel Abspoel
|
|
Batting: RHB Steve Weber
|
0-0: Ball 1-0: Fly out, F6 (Line Drive, 6)
|
Batting: SHB Paco Ríos
|
0-0: Foul Ball, location: 2F 0-1: Swinging Strike 0-2: Ball 1-2: Strikes out swinging
|
Batting: RHB Derek Bangert
|
0-0: Called Strike 0-1: Ball 1-1: Reached on error, E6 (Groundball, 56)
|
Pitching: RHP Esteban Ramos
|
|
Pinch Runner at 1st Armando Pacheco:
|
|
Batting: RHB Jorge Díaz
|
0-0: Called Strike 0-1: Ball 1-1: Ball 2-1: Foul Ball, location: 2F 2-2: SINGLE (Flyball, 8RS) Armando Pacheco to second Runner from 2nd tries for 3rd, SAFE, no throw
|
Batting: RHB José Córdova
|
0-0: Foul Ball, location: 2F 0-1: Ball 1-1: Swinging Strike 1-2: Ball 2-2: Strikes out swinging
|
Top of the 8th over - 0 runs, 1 hit, 1 error, 2 left on base; Casper 4 - Marquette 5 |
BOTTOM OF THE 8TH |
Marquette Miners batting - Pitching for Casper Ghosts : RHP Jason Millward
|
Now at 1B: Yataro Matsuura
|
|
Batting: RHB Manuel Rosales
|
0-0: Called Strike 0-1: Called Strike 0-2: Strikes out swinging
|
Pitching: RHP Júlio Vázquez
|
|
Batting: LHB Greg Gross
|
0-0: Called Strike 0-1: Fly out, F9 (Line Drive, 9D)
|
Batting: LHB Dong-hwan Yun
|
0-0: Foul Ball, location: 2F 0-1: Ball 1-1: Ball 2-1: SOLO HOME RUN (Line Drive, 7LD), Distance : 384 ft
|
Batting: RHB Sameen Shaw
|
0-0: Called Strike 0-1: Hit by Pitch
|
Batting: RHB Ryan French
|
0-0: Ball 1-0: Fly out, F8 (Flyball, 8RM)
|
Bottom of the 8th over - 1 run, 1 hit, 0 errors, 1 left on base; Casper 4 - Marquette 6 |
TOP OF THE 9TH |
Casper Ghosts batting - Pitching for Marquette Miners : RHP Esteban Ramos
|
Pitching: RHP Félix Santiago
|
|
Batting: RHB Bert Cook
|
0-0: DOUBLE (Line Drive, 7LD)
|
Pinch Hitting: SHB Erjan Kerstens
|
0-0: Ball 1-0: Ball 2-0: Ball 3-0: Called Strike 3-1: Base on Balls
|
Batting: LHB Jorge Morín
|
0-0: Called Strike 0-1: Ball 1-1: Ball 2-1: Foul Ball, location: 2F 2-2: Fly out, F7 (Flyball, 7D) Runner from 2nd tags up, SAFE at 3rd, no throw
|
Batting: LHB Ronald Anderson
|
0-0: Fly out, F4 (Popup, 4D)
|
Batting: RHB Steve Weber
|
0-0: Fly out, F4 (Line Drive, 4)
|
Top of the 9th over - 0 runs, 1 hit, 0 errors, 2 left on base; Casper 4 - Marquette 6 |
|